[ AOE2 MATCH · #505480166 ]
UnrankedBerbers vs Bengalis
Player's team · LOSS
Rival team · WIN
[ REPLAY ANALYSIS · EXTRACTED FROM THE RECORDED GAME ]
Feudal
8:26
Castle
32:33
Imperial
—
| APM avg | 65.0 |
| APM peak | 94 |
| eAPM avg | 23.1 |
| Villagers / military | 74 / 43 |
Focus
⚔️ 30.8% · 🌾 69.2%
Archer ×21 · Scout Cavalry ×16 · Militia ×3 · Battering Ram ×2 · Knight ×1
Feudal
8:26
Castle
20:20
Imperial
—
| APM avg | 59.7 |
| APM peak | 92 |
| eAPM avg | 31.0 |
| Villagers / military | 131 / 14 |
Focus
⚔️ 29.1% · 🌾 70.9%
Monk ×8 · Scorpion ×4 · Mangonel ×1 · Armored Elephant ×1
Match map
Initial resources + every placement click. Lines = walls · curves = elevation contours. ◆ gold · ⬟ stone · ● berries · ✦ relic · ◌ wall gap
Your base· Open — 6t gap
_Barles_'s base· Open — 5t gap
Smoothed initial terrain · ◌ = detected wall gap · hover for details
Inputs per minute
— Gabi - - _Barles_
Build order — Gabi
First 150 of 214 actions detected
| 0:01 | Create | Villager (Male) |
| 0:01 | Create | Villager (Male) |
| 0:02 | Build | House |
| 0:03 | Build | House |
| 0:26 | Create | Villager (Male) |
| 1:09 | Create | Villager (Male) |
| 1:38 | Create | Villager (Male) |
| 1:47 | Build | Lumber Camp |
| 2:02 | Create | Villager (Male) |
| 2:02 | Create | Villager (Male) |
| 2:24 | Create | Villager (Male) |
| 2:58 | Build | House |
| 3:06 | Create | Villager (Male) |
| 3:34 | Create | Villager (Male) |
| 3:49 | Create | Villager (Male) |
| 4:26 | Create | Villager (Male) |
| 4:48 | Create | Villager (Male) |
| 4:55 | Build | Barracks |
| 5:13 | Create | Villager (Male) |
| 5:40 | Research | Loom |
| 5:47 | Build | House |
| 6:16 | Research | Feudal Age |
| 6:33 | Create | Militia |
| 6:45 | Build | Mining Camp |
| 6:55 | Create | Militia |
| 7:16 | Create | Militia |
| 7:21 | Build | Palisade Wall |
| 7:23 | Build | Palisade Wall |
| 8:16 | Build | House |
| 8:26 | Create | Villager (Male) |
| 8:26 | Age | Feudal Age |
| 8:30 | Research | Man-at-Arms (upgrade) |
| 8:36 | Build | Archery Range |
| 8:46 | Create | Villager (Male) |
| 9:17 | Create | Archer |
| 9:20 | Create | Villager (Male) |
| 9:25 | Build | Watch Tower |
| 9:42 | Create | Archer |
| 9:47 | Create | Villager (Male) |
| 10:10 | Create | Archer |
| 10:21 | Create | Villager (Male) |
| 10:46 | Build | Palisade Wall |
| 10:47 | Build | Palisade Wall |
| 10:52 | Create | Villager (Male) |
| 11:09 | Build | House |
| 11:11 | Create | Archer |
| 11:16 | Create | Villager (Male) |
| 11:23 | Build | Mining Camp |
| 11:33 | Create | Villager (Male) |
| 12:19 | Build | Mining Camp |
| 12:41 | Build | House |
| 12:59 | Build | Outpost |
| 13:03 | Create | Villager (Male) |
| 13:27 | Build | Mill |
| 13:29 | Build | Watch Tower |
| 13:37 | Create | Villager (Male) |
| 14:04 | Build | Outpost |
| 14:23 | Build | Outpost |
| 14:25 | Build | Blacksmith |
| 14:40 | Create | Villager (Male) |
| 14:42 | Build | Market |
| 15:02 | Build | Watch Tower |
| 15:14 | Create | Villager (Male) |
| 15:33 | Build | Mining Camp |
| 15:44 | Create | Villager (Male) |
| 16:04 | Create | Villager (Male) |
| 16:07 | Build | Outpost |
| 16:09 | Create | Archer |
| 16:25 | Build | Watch Tower |
| 16:29 | Create | Villager (Male) |
| 16:32 | Build | House |
| 16:38 | Create | Villager (Male) |
| 17:00 | Build | House |
| 17:13 | Create | Villager (Male) |
| 17:14 | Create | Archer |
| 17:19 | Build | Farm |
| 17:21 | Research | Double-Bit Axe |
| 17:25 | Build | Mill |
| 17:31 | Create | Archer |
| 17:43 | Build | Outpost |
| 17:45 | Create | Villager (Male) |
| 17:49 | Build | Outpost |
| 18:07 | Create | Villager (Male) |
| 18:11 | Build | Farm |
| 18:21 | Build | Farm |
| 18:27 | Create | Villager (Male) |
| 18:35 | Build | House |
| 18:45 | Create | Villager (Male) |
| 18:53 | Create | Archer |
| 19:04 | Build | Farm |
| 19:04 | Create | Villager (Male) |
| 19:07 | Build | House |
| 19:13 | Create | Archer |
| 19:19 | Create | Villager (Male) |
| 19:27 | Build | House |
| 19:35 | Create | Villager (Male) |
| 19:35 | Create | Villager (Male) |
| 19:49 | Build | Farm |
| 19:51 | Build | Farm |
| 20:07 | Build | Outpost |
| 20:19 | Create | Archer |
| 20:22 | Create | Villager (Male) |
| 20:34 | Create | Villager (Male) |
| 20:44 | Create | Villager (Male) |
| 20:52 | Create | Villager (Male) |
| 20:57 | Create | Villager (Male) |
| 20:57 | Create | Villager (Male) |
| 21:25 | Create | Archer |
| 21:42 | Research | Fletching |
| 21:48 | Research | Wheelbarrow |
| 21:51 | Create | Archer |
| 22:04 | Create | Archer |
| 22:04 | Create | Archer |
| 22:07 | Build | House |
| 22:40 | Create | Archer |
| 22:53 | Create | Villager (Male) |
| 23:00 | Create | Villager (Male) |
| 23:00 | Create | Villager (Male) |
| 23:43 | Create | Villager (Male) |
| 23:54 | Build | Stable |
| 23:55 | Research | Scale Barding Armor |
| 24:14 | Build | Outpost |
| 24:32 | Build | Farm |
| 24:35 | Build | Lumber Camp |
| 24:36 | Create | Villager (Male) |
| 24:47 | Create | Scout Cavalry |
| 24:47 | Create | Scout Cavalry |
| 24:50 | Build | Outpost |
| 25:00 | Create | Archer |
| 25:00 | Create | Archer |
| 25:10 | Build | Outpost |
| 25:15 | Create | Villager (Male) |
| 25:17 | Build | Farm |
| 25:20 | Build | Farm |
| 25:27 | Create | Scout Cavalry |
| 25:34 | Create | Villager (Male) |
| 25:40 | Build | Outpost |
| 25:52 | Create | Villager (Male) |
| 25:53 | Create | Villager (Male) |
| 25:53 | Create | Villager (Male) |
| 25:55 | Build | Outpost |
| 26:02 | Create | Archer |
| 26:08 | Research | Forging |
| 26:10 | Build | Outpost |
| 26:11 | Create | Villager (Male) |
| 26:44 | Create | Villager (Male) |
| 27:00 | Build | Farm |
| 27:00 | Build | Farm |
| 27:04 | Create | Villager (Male) |
| 27:08 | Create | Archer |
Build order — _Barles_
First 150 of 243 actions detected
| 0:00 | Create | Villager (Male) |
| 0:02 | Build | House |
| 0:05 | Build | House |
| 0:05 | Create | Villager (Male) |
| 0:27 | Create | Villager (Male) |
| 0:58 | Create | Villager (Male) |
| 1:23 | Create | Villager (Male) |
| 1:55 | Build | Lumber Camp |
| 2:01 | Create | Villager (Male) |
| 2:11 | Create | Villager (Male) |
| 2:42 | Create | Villager (Male) |
| 3:05 | Create | Villager (Male) |
| 3:26 | Create | Villager (Male) |
| 3:50 | Build | House |
| 3:53 | Create | Villager (Male) |
| 4:15 | Create | Villager (Male) |
| 4:21 | Build | Mill |
| 4:44 | Create | Villager (Male) |
| 5:17 | Create | Villager (Male) |
| 5:41 | Research | Loom |
| 6:05 | Research | Feudal Age |
| 6:10 | Build | House |
| 6:45 | Build | Mining Camp |
| 7:02 | Create | Villager (Male) |
| 8:17 | Create | Villager (Male) |
| 8:26 | Age | Feudal Age |
| 8:32 | Build | Palisade Wall |
| 8:34 | Build | Palisade Wall |
| 8:42 | Research | Double-Bit Axe |
| 8:45 | Create | Villager (Male) |
| 8:48 | Build | Palisade Wall |
| 8:49 | Build | Palisade Wall |
| 9:08 | Build | House |
| 9:25 | Create | Villager (Male) |
| 9:42 | Build | House |
| 9:51 | Create | Villager (Male) |
| 10:08 | Create | Villager (Male) |
| 10:17 | Build | House |
| 10:19 | Build | Farm |
| 10:19 | Build | Farm |
| 10:28 | Build | Watch Tower |
| 10:31 | Build | Farm |
| 10:33 | Create | Villager (Male) |
| 10:47 | Build | Farm |
| 10:56 | Create | Villager (Male) |
| 11:07 | Build | Mill |
| 11:25 | Create | Villager (Male) |
| 11:46 | Research | Horse Collar |
| 11:46 | Research | Horse Collar |
| 11:49 | Build | House |
| 11:53 | Build | Palisade Wall |
| 11:55 | Build | Palisade Wall |
| 11:57 | Build | Palisade Wall |
| 12:00 | Build | Palisade Wall |
| 12:07 | Build | Watch Tower |
| 12:09 | Build | Palisade Wall |
| 12:11 | Create | Villager (Male) |
| 12:18 | Build | House |
| 12:19 | Build | Palisade Wall |
| 12:22 | Build | Palisade Wall |
| 12:32 | Build | Mining Camp |
| 12:41 | Create | Villager (Male) |
| 12:46 | Create | Villager (Male) |
| 12:58 | Build | House |
| 13:10 | Build | Market |
| 13:11 | Create | Villager (Male) |
| 13:29 | Build | Mining Camp |
| 13:40 | Create | Villager (Male) |
| 13:56 | Build | Farm |
| 13:57 | Create | Villager (Male) |
| 14:08 | Research | Town Watch |
| 14:18 | Build | Lumber Camp |
| 14:23 | Create | Villager (Male) |
| 14:25 | Build | Farm |
| 14:26 | Build | Farm |
| 14:28 | Build | Farm |
| 14:59 | Create | Villager (Male) |
| 15:09 | Build | Farm |
| 15:23 | Build | House |
| 15:26 | Build | Palisade Wall |
| 15:29 | Build | House |
| 15:33 | Create | Villager (Male) |
| 15:39 | Create | Villager (Male) |
| 15:41 | Build | Farm |
| 15:41 | Build | Farm |
| 15:44 | Build | House |
| 15:55 | Build | House |
| 16:12 | Create | Villager (Male) |
| 16:55 | Create | Villager (Male) |
| 17:06 | Build | Blacksmith |
| 17:34 | Research | Stone Mining |
| 17:40 | Research | Castle Age |
| 17:54 | Create | Villager (Male) |
| 17:56 | Research | Fletching |
| 17:56 | Research | Fletching |
| 18:39 | Create | Villager (Male) |
| 19:06 | Build | House |
| 19:09 | Build | House |
| 19:11 | Build | House |
| 19:12 | Build | House |
| 19:13 | Build | House |
| 19:16 | Build | Palisade Wall |
| 19:21 | Create | Villager (Male) |
| 20:20 | Age | Castle Age |
| 20:24 | Build | Town Center |
| 20:26 | Build | Siege Workshop |
| 20:27 | Create | Villager (Male) |
| 20:29 | Research | Bow Saw |
| 20:38 | Build | Palisade Wall |
| 20:40 | Build | Palisade Wall |
| 20:55 | Create | Villager (Male) |
| 21:32 | Create | Mangonel |
| 21:34 | Create | Villager (Male) |
| 21:42 | Build | Siege Workshop |
| 21:46 | Build | Town Center |
| 21:54 | Build | Farm |
| 22:00 | Create | Scorpion |
| 22:07 | Build | Lumber Camp |
| 22:13 | Create | Villager (Male) |
| 22:28 | Create | Villager (Male) |
| 23:07 | Create | Villager (Male) |
| 23:11 | Create | Scorpion |
| 23:34 | Research | Heavy Plow |
| 23:36 | Build | Farm |
| 23:46 | Create | Armored Elephant |
| 23:48 | Create | Villager (Male) ×5 |
| 24:11 | Create | Villager (Male) |
| 24:14 | Build | Monastery |
| 24:23 | Build | Farm |
| 24:34 | Build | Monastery |
| 24:45 | Build | Farm |
| 24:47 | Build | Farm |
| 24:49 | Research | Wheelbarrow |
| 24:58 | Create | Monk |
| 24:59 | Create | Villager (Male) |
| 25:01 | Build | Farm |
| 25:02 | Build | Farm |
| 25:06 | Build | Lumber Camp |
| 25:13 | Create | Villager (Male) |
| 25:15 | Create | Villager (Male) |
| 25:24 | Create | Villager (Male) |
| 25:27 | Build | House |
| 25:28 | Build | House |
| 25:40 | Create | Monk |
| 25:41 | Create | Villager (Male) ×2 |
| 25:55 | Build | Town Center |
| 25:56 | Create | Villager (Male) |
| 26:08 | Create | Villager (Male) |
| 26:42 | Create | Scorpion |
| 26:45 | Create | Villager (Male) ×5 |
Match timeline
| 4:55 | Gabi · first_building Barracks |
| 7:21 | Gabi · wall_segment Palisade Wall x1 |
| 7:23 | Gabi · wall_segment Palisade Wall x1 |
| 8:26 | _Barles_ · age_up feudal |
| 8:26 | Gabi · age_up feudal |
| 8:32 | _Barles_ · wall_segment Palisade Wall x2 |
| 8:34 | _Barles_ · wall_segment Palisade Wall x2 |
| 8:36 | Gabi · first_building Archery Range |
| 8:48 | _Barles_ · wall_segment Palisade Wall x1 |
| 8:49 | _Barles_ · wall_segment Palisade Wall x1 |
| 10:46 | Gabi · wall_segment Palisade Wall x1 |
| 10:47 | Gabi · wall_segment Palisade Wall x1 |
| 11:53 | _Barles_ · wall_segment Palisade Wall x1 |
| 11:55 | _Barles_ · wall_segment Palisade Wall x1 |
| 11:57 | _Barles_ · wall_segment Palisade Wall x1 |
| 12:00 | _Barles_ · wall_segment Palisade Wall x1 |
| 12:09 | _Barles_ · wall_segment Palisade Wall x1 |
| 12:19 | _Barles_ · wall_segment Palisade Wall x1 |
| 12:22 | _Barles_ · wall_segment Palisade Wall x1 |
| 15:26 | _Barles_ · wall_segment Palisade Wall x1 |
| 16:02 | Gabi · first_market_sell 100 wood |
| 16:03 | Gabi · first_market_buy 100 food |
| 16:24 | _Barles_ · first_market_sell 100 wood |
| 16:25 | _Barles_ · first_market_buy 100 food |
| 19:16 | _Barles_ · wall_segment Palisade Wall x1 |
| 20:20 | _Barles_ · age_up castle |
| 20:26 | _Barles_ · first_building Siege Workshop |
| 20:38 | _Barles_ · wall_segment Palisade Wall x1 |
| 20:40 | _Barles_ · wall_segment Palisade Wall x1 |
| 23:54 | Gabi · first_building Stable |
| 24:14 | _Barles_ · first_building Monastery |
| 32:33 | Gabi · age_up castle |
| 33:14 | Gabi · first_building Siege Workshop |
| 34:26 | _Barles_ · first_building Castle |
| 35:23 | Gabi · resign |
[ AI ANALYSIS · 1 CREDIT ]
What really happened in this match?
Wolo.gg analyzes every decision: build order, eco, micro, common mistakes by bracket. Personalized analysis on WhatsApp or Discord in 30 seconds.
Civ guide
Berbers
Perfil
Jugador #2444511